Map: Newkirk Precinct TE (Void)

Players

Shase

  • Race: Protoss Protoss
  • League: Master
  • Spawn Location: 5:00

Pastabrain - Winner!

  • Race: Terran Terran
  • League: Master
  • Spawn Location: 7:00

VOD

Have the link to the VOD?

Description

Time

  • Played on: Jan. 1, 2017, 12:13 p.m.
  • Length: 23:08
Show
View Real Time Build Order
Export as new Build Order

Shase Protoss 

Build Orders: 1 Gate Expand 

Get SALT Encoding   

  12  0:01  Probe (Chrono Boost)  
  13  0:11  Probe (Chrono Boost)  
  14  0:18  Pylon  
  14  0:22  Probe (Chrono Boost)  
  15  0:36  Probe (Chrono Boost)  
  15  0:37  Gateway  
  16  0:47  Probe (Chrono Boost), Assimilator  
  17  0:54  Assimilator  
  17  0:57  Probe (Chrono Boost)  
  18  1:08  Probe (Chrono Boost)  
  20  1:18  Probe (Chrono Boost)  
  20  1:28  Nexus  
  20  1:38  Cybernetics Core  
  20  1:42  Probe (Chrono Boost)  
  21  1:48  Pylon  
  21  1:54  Probe (Chrono Boost)  
  21  1:56  Assimilator  
  22  2:05  Probe (Chrono Boost)  
  23  2:11  Stalker  
  25  2:16  Warp Gate  
  25  2:19  Probe (Chrono Boost)  
  26  2:29  Pylon  
  26  2:32  Probe (Chrono Boost)  
  27  2:41  Stalker  
  29  2:44  Probe (Chrono Boost)  
  29  2:50  Probe (Chrono Boost)  
  30  2:55  Probe (Chrono Boost)  
  31  3:01  Mothership Core (Chrono Boost)  
  31  3:05  Probe (Chrono Boost)  
  34  3:10  Robotics Facility  
  34  3:16  Probe (Chrono Boost)  
  34  3:19  Probe (Chrono Boost)  
  36  3:26  Probe (Chrono Boost)  
  37  3:29  Probe (Chrono Boost)  
  38  3:34  Pylon  
  38  3:37  Probe (Chrono Boost)  
  38  3:40  Pylon, Probe (Chrono Boost)  
  40  3:47  Twilight Council, Probe (Chrono Boost)  
  41  3:50  Probe (Chrono Boost)  
  41  3:51  Pylon  
  39  4:05  Observer  
  39  4:06  Probe (Chrono Boost)  
  39  4:07  Probe (Chrono Boost)  
  42  4:15  Gateway  
  43  4:17  Gateway, Probe (Chrono Boost)  
  43  4:19  Probe (Chrono Boost)  
  43  4:23  Observer  
  43  4:24  Stalker  
  46  4:27  Probe (Chrono Boost)  
  48  4:37  Probe (Chrono Boost), Assimilator x2  
  48  4:38  Probe (Chrono Boost)  
  50  4:43  Forge  
  50  4:45  Gateway  
  50  4:49  Probe (Chrono Boost)  
  51  4:53  Immortal  
  55  5:04  Stalker  
  55  5:06  Blink  
  57  5:12  Probe (Chrono Boost)  
  57  5:13  Probe (Chrono Boost)  
  57  5:14  Protoss Ground Weapons Level 1  
  59  5:17  Pylon  
  59  5:23  Probe (Chrono Boost)  
  60  5:37  Stalker x2  
  60  5:41  Probe (Chrono Boost)  
  60  5:42  Probe (Chrono Boost)  
  66  5:44  Templar Archives  
  66  5:54  Probe (Chrono Boost)  
  62  6:01  Probe (Chrono Boost)  
  60  6:05  Stalker  
  60  6:06  Probe (Chrono Boost)  
  63  6:12  Probe (Chrono Boost)  
  63  6:16  Nexus  
  63  6:18  Pylon, Probe (Chrono Boost)  
  65  6:22  Probe (Chrono Boost)  
  66  6:28  Stalker  
  66  6:29  Stalker  
  66  6:30  Probe (Chrono Boost)  
  71  6:34  Probe (Chrono Boost)  
  71  6:38  Stalker x2  
  76  6:42  Probe (Chrono Boost)  
  78  6:47  Probe (Chrono Boost)  
  78  6:49  Pylon  
  78  6:51  Psionic Storm, Gateway  
  79  6:55  Probe (Chrono Boost)  
  79  6:56  High Templar, Protoss Ground Weapons Level 2  
  79  6:58  High Templar  
  83  7:07  Probe (Chrono Boost)  
  84  7:10  Pylon  
  82  7:23  Stalker x2  
  86  7:39  Stalker  
  86  7:40  Stalker  
  88  7:56  Stalker x2  
  92  8:12  High Templar  
  84  8:29  Stalker x3  
  84  8:30  Probe x2 (Chrono Boost)  
  84  8:34  Gateway  
  92  8:38  Gateway, Nexus  
  92  8:40  Gateway  
  94  8:44  Mothership Core (Chrono Boost)  
  94  8:48  Assimilator  
  94  8:52  Stalker, Assimilator  
  94  8:53  Stalker x3  
  94  8:55  Pylon  
  102  8:59  Pylon  
  102  9:02  Pylon  
  102  9:05  Photon Cannon  
  102  9:08  Warp Prism  
  104  9:17  Stalker x4  
  104  9:18  Stalker  
  94  10:15  Pylon  
  94  10:17  Pylon x2  
  94  10:23  Nexus  
  94  10:26  Pylon  
  94  10:29  Pylon  
  94  10:30  Pylon  
  94  10:33  Pylon  
  95  10:36  Stalker x5  
  95  10:37  Stalker x2, Probe (Chrono Boost)  
  109  10:50  Pylon  
  109  10:52  Pylon  
  109  11:00  High Templar x2  
  109  11:01  High Templar x5  
  123  11:05  Archon x3  
  123  11:09  High Templar  
  125  11:13  Archon  
  95  11:47  Stalker x3  
  95  11:48  Stalker x5  
  111  11:55  Assimilator  
  111  12:03  Pylon  
  111  12:06  Probe x2 (Chrono Boost)  
  113  12:17  Nexus  
  113  12:18  High Templar x3  
  113  12:19  Pylon  
  113  12:21  Probe (Chrono Boost)  
  121  12:23  Probe (Chrono Boost)  
  121  12:29  Protoss Ground Armor Level 1  
  117  12:33  Stalker x4  
  117  12:37  Probe (Chrono Boost)  
  127  12:38  Probe (Chrono Boost)  
  127  13:00  Probe (Chrono Boost)  
  127  13:01  Probe (Chrono Boost)  
  129  13:06  Stalker x6  
  118  13:37  Immortal  
  116  13:46  High Templar x4  
  128  13:52  Probe (Chrono Boost)  
  128  13:53  Probe (Chrono Boost)  
  128  13:54  Probe (Chrono Boost)  
  128  13:55  Probe (Chrono Boost)  
  132  14:04  Adept, Forge  
  132  14:05  Probe (Chrono Boost)  
  132  14:06  Probe (Chrono Boost)  
  132  14:09  Assimilator  
  135  14:13  Assimilator  
  135  14:17  Pylon  
  135  14:19  Archon x2  
  135  14:21  Pylon  
  135  14:28  Stalker x6  
  135  14:29  Stalker x2  
  131  14:59  Stalker  
  117  15:00  Stalker x6  
  121  15:22  Photon Cannon  
  118  15:29  Photon Cannon  
  114  15:38  Stalker, Observer  
  114  15:39  Stalker x6  
  114  15:40  Stalker  
  131  15:48  Probe (Chrono Boost)  
  132  15:59  Probe x2 (Chrono Boost)  
  132  16:01  Probe (Chrono Boost)  
  133  16:05  Protoss Ground Weapons Level 3  
  133  16:08  Stalker x2  
  133  16:10  High Templar x5  
  147  16:24  Stalker  
  149  16:38  Stalker  
  149  16:39  Stalker  
  153  16:44  Nexus  
  153  16:46  Nexus  
  153  16:47  Stalker x2  
  153  16:48  Stalker x3  
  160  17:13  Stalker x3  
  160  17:14  Stalker x4  
  174  17:28  Protoss Ground Armor Level 2  
  174  17:32  Assimilator  
  174  17:36  Assimilator  
  164  17:40  Stalker x3  
  164  17:41  Stalker  
  172  17:52  Pylon  
  74  18:36  High Templar x3  
  74  18:37  Stalker x4  
  74  18:38  Stalker  
  82  18:50  Probe (Chrono Boost)  
  82  18:51  Probe (Chrono Boost)  
  82  18:54  Probe x2 (Chrono Boost)  
  86  19:03  Stalker x5  
  86  19:04  Assimilator  
  96  19:10  Assimilator  
  96  19:12  Pylon  
  96  19:14  High Templar, Pylon  
  96  19:16  Stalker x2  
  102  19:31  Protoss Ground Armor Level 3  
  102  19:33  Stalker x5  
  112  19:41  Stalker x2  
  112  19:45  Probe x2 (Chrono Boost)  
  118  19:49  Pylon  
  118  19:51  Pylon  
  118  19:55  Stalker  
  118  19:56  Stalker x3  
  124  20:08  Stalker x3  
  124  20:13  Observer  
  129  20:23  High Templar  
  129  20:24  Stalker x4  
  134  20:53  High Templar  
  134  20:54  High Templar, Stalker x3  
  134  20:55  Stalker x2  
  82  21:37  Stalker x6  
  82  21:38  Stalker x2  
  84  21:42  Probe (Chrono Boost)  
  84  21:43  Probe (Chrono Boost)  
  84  21:44  Probe x2 (Chrono Boost)  
  88  21:53  Probe (Chrono Boost)  
  88  21:54  Probe (Chrono Boost)  
  90  21:55  Nexus  
  90  21:56  Probe x2 (Chrono Boost)  
  90  22:00  High Templar x2  
  96  22:03  Stalker  
  96  22:04  Stalker, Probe x2 (Chrono Boost)  
  103  22:10  Probe x2 (Chrono Boost)  
  90  22:31  High Templar x2  
  90  22:32  High Templar  
  96  22:45  Stalker x3  
Show
View Real Time Build Order
Export as new Build Order

Pastabrain Terran - Winner!

Build Orders: Reaper Expand, MMM Bio 

Get SALT Encoding   

  12  0:00  SCV  
  13  0:12  SCV  
  14  0:18  Supply Depot  
  14  0:25  SCV  
  15  0:29  Refinery  
  15  0:40  SCV  
  16  0:45  Barracks  
  16  0:52  SCV  
  17  1:04  SCV  
  18  1:16  SCV  
  19  1:32  Reaper  
  19  1:33  Orbital Command  
  20  1:49  Command Center  
  20  1:59  SCV  
  21  2:04  Factory  
  21  2:11  SCV  
  21  2:12  Barracks Reactor  
  22  2:17  Supply Depot  
  22  2:22  Refinery  
  22  2:25  SCV  
  23  2:39  SCV  
  24  2:50  Marine x2  
  24  2:51  SCV  
  27  2:52  Widow Mine  
  27  2:55  Starport  
  29  3:03  Orbital Command, SCV  
  30  3:12  Marine x2  
  30  3:16  SCV  
  33  3:23  Widow Mine  
  34  3:27  Supply Depot  
  34  3:29  SCV  
  34  3:30  SCV  
  36  3:35  Medivac  
  36  3:36  Marine  
  36  3:41  Marine  
  39  3:44  SCV  
  41  3:49  SCV  
  41  3:51  Engineering Bay  
  42  3:56  SCV  
  42  4:00  Liberator  
  42  4:01  SCV  
  42  4:02  Marine x2  
  45  4:15  Factory Tech Lab  
  45  4:16  Starport Reactor, SCV  
  46  4:19  Barracks  
  46  4:20  Supply Depot  
  46  4:21  Terran Infantry Weapons Level 1  
  46  4:23  Marine  
  50  4:24  Marine  
  50  4:27  SCV  
  52  4:34  Barracks  
  53  4:38  SCV  
  53  4:41  Factory Tech Lab  
  53  4:43  Supply Depot, Marine  
  54  4:46  SCV  
  54  4:52  SCV  
  56  4:56  Refinery  
  56  4:58  SCV  
  57  5:03  Starport Reactor  
  57  5:05  SCV  
  58  5:07  Marine x2  
  58  5:11  SCV  
  61  5:15  Supply Depot  
  61  5:16  Factory Reactor  
  61  5:17  Marine, Stimpack, SCV  
  63  5:23  SCV  
  63  5:28  Combat Shields, Marine  
  64  5:29  Missile Turret, SCV  
  64  5:30  Missile Turret  
  64  5:34  Marine x3  
  64  5:35  SCV  
  70  5:45  SCV  
  70  5:46  Marine  
  72  5:51  Marine  
  65  6:00  Marine, SCV, Medivac x2  
  65  6:01  Widow Mine x2  
  75  6:04  Supply Depot x2  
  75  6:07  Marine x2  
  75  6:09  Marine  
  78  6:23  Liberator x2  
  78  6:24  Refinery, Command Center  
  78  6:25  Supply Depot  
  78  6:26  Supply Depot, SCV  
  78  6:28  SCV  
  78  6:29  Marine x2  
  78  6:30  Marine  
  83  6:46  Terran Infantry Armor Level 1  
  89  6:47  SCV  
  89  6:51  Supply Depot  
  90  6:56  SCV  
  91  7:04  Marine x2  
  91  7:05  Marauder x2, Widow Mine x2  
  101  7:14  Supply Depot  
  98  7:18  Concussive Shells  
  98  7:22  Marine x2  
  99  7:26  Marauder x2  
  104  7:40  Marine x2  
  105  7:45  SCV, Barracks x2  
  105  7:47  Marine  
  105  7:48  Marauder  
  107  7:55  Widow Mine x2  
  107  7:58  Marine  
  112  8:02  Engineering Bay, Armory  
  110  8:05  SCV  
  110  8:06  Marauder  
  110  8:08  Medivac  
  110  8:09  Medivac  
  114  8:22  Marine  
  114  8:23  Marauder  
  114  8:24  Marine  
  114  8:26  Orbital Command  
  103  8:33  Liberator x2  
  102  8:36  SCV  
  102  8:38  Barracks Tech Lab  
  102  8:39  Barracks Reactor  
  103  8:41  SCV  
  103  8:45  Marine  
  103  8:46  Marauder  
  107  8:48  SCV  
  107  8:53  SCV  
  115  9:00  Supply Depot, Terran Infantry Weapons Level 2  
  115  9:01  Supply Depot x2  
  115  9:03  Refinery  
  115  9:09  Marine  
  116  9:10  SCV  
  116  9:13  Refinery, Marine x4  
  121  9:17  Terran Infantry Armor Level 2  
  121  9:18  Supply Depot  
  121  9:19  SCV  
  121  9:22  SCV  
  121  9:23  Marine x2  
  124  9:27  Marine  
  124  9:30  Marine  
  128  9:31  Marauder x2  
  128  9:34  Liberator  
  127  9:39  Marine  
  127  9:42  Marine  
  124  9:50  Marine x3, Widow Mine x2  
  125  9:53  Marauder x2  
  125  9:57  Marauder  
  125  9:58  SCV  
  110  10:00  Terran Vehicle And Ship Armor Level 1, Marine  
  110  10:01  Supply Depot  
  111  10:07  Marine  
  111  10:08  Marine  
  111  10:13  SCV  
  116  10:14  Marauder  
  116  10:15  Liberator  
  112  10:22  Marine x3  
  112  10:23  Marauder, Widow Mine x2  
  112  10:24  SCV  
  112  10:25  Marine  
  123  10:29  Marine  
  123  10:33  Command Center  
  129  10:35  Marauder  
  129  10:40  Marine  
  129  10:41  Marauder  
  132  10:44  Liberator  
  132  10:45  Marine  
  132  10:46  Marauder, Marine  
  132  10:47  Marine  
  131  10:53  SCV  
  134  10:57  Marauder  
  134  10:58  Marine  
  134  11:00  Widow Mine x2  
  134  11:02  Marauder  
  134  11:03  Marine  
  145  11:11  Marauder, Marine  
  145  11:16  Missile Turret  
  146  11:29  Marauder, Marine x2  
  146  11:31  Marine x3  
  146  11:32  Medivac  
  155  11:33  Marauder  
  136  11:44  Medivac  
  136  11:46  Marine  
  136  11:47  Marine  
  126  11:49  Marine x2  
  126  11:50  Marauder  
  126  11:51  Marauder  
  133  11:54  Marauder  
  133  11:57  Liberator  
  135  12:02  Widow Mine x2, Medivac  
  135  12:04  Marine x2  
  143  12:11  Marauder  
  143  12:15  Liberator  
  144  12:23  Marine  
  144  12:24  Marauder  
  144  12:27  Marine  
  144  12:28  Marauder  
  149  12:34  Marine  
  149  12:35  Widow Mine x2  
  157  12:38  Planetary Fortress  
  157  12:41  SCV  
  157  12:42  Starport  
  158  12:44  Sensor Tower  
  158  12:50  Terran Infantry Armor Level 3, Terran Infantry Weapons Level 3  
  158  12:54  SCV  
  158  12:57  Liberator, Medivac  
  161  13:05  Marine x5  
  164  13:08  Refinery  
  164  13:10  Supply Depot x2  
  161  13:36  Marauder, Marine  
  161  13:37  Liberator  
  161  13:38  Marine  
  161  13:39  Marauder, Marine  
  166  13:45  Marine x2  
  166  13:46  Starport Reactor  
  168  13:50  Fusion Core  
  168  13:51  Starport Tech Lab  
  168  13:53  Widow Mine x2  
  168  13:54  Marine, SCV  
  177  13:56  Marine  
  177  13:57  Marine  
  177  13:58  Marauder, SCV  
  182  14:12  Marine x2  
  182  14:13  Marauder  
  182  14:14  Marine x2  
  182  14:15  Marauder  
  182  14:26  Marine  
  182  14:27  Liberator x2  
  182  14:30  Marine  
  174  14:34  Marauder  
  174  14:35  Marine  
  174  14:37  Marauder  
  174  14:38  Marine  
  180  14:42  Marine  
  180  14:45  Marauder  
  187  14:47  Advanced Ballistics  
  187  14:48  Marine  
  167  14:53  Marine  
  167  14:56  Marauder, Marine  
  167  14:58  Marauder  
  167  14:59  Marine  
  142  15:05  Marine  
  142  15:06  Marauder  
  133  15:11  Marine  
  133  15:13  Marine  
  135  15:17  Marauder, Marine  
  135  15:19  Marauder  
  140  15:23  Marine  
  140  15:26  SCV  
  140  15:28  Marauder  
  144  15:29  Marine, SCV  
  144  15:31  Marine  
  144  15:32  Command Center  
  144  15:35  Marine  
  146  15:38  Marauder  
  146  15:40  Marine  
  146  15:41  Marine  
  150  15:47  Marine  
  150  15:49  Marauder, Marine  
  154  15:53  Marine  
  149  15:58  Marauder  
  149  15:59  Marine  
  149  16:00  Marauder  
  149  16:01  Barracks x2  
  149  16:02  Barracks  
  149  16:03  Barracks  
  152  16:04  Marine  
  152  16:07  Marine  
  152  16:10  Marauder, Liberator x3  
  152  16:11  Marine  
  157  16:17  Marine  
  157  16:19  Marine  
  157  16:21  Marauder  
  160  16:26  Marine x2  
  160  16:28  Marine  
  160  16:32  Marauder  
  174  16:37  Marine  
  174  16:38  Marauder  
  176  16:42  Marine  
  177  16:51  Barracks Tech Lab x2  
  177  16:52  Barracks Tech Lab x2  
  177  16:53  Marauder  
  178  16:56  Marine x3  
  178  16:58  Missile Turret, Widow Mine x2  
  178  16:59  Marauder  
  186  17:08  Marine x2  
  188  17:14  Marine  
  189  17:21  Marauder, Marine  
  192  17:27  Widow Mine  
  194  17:39  Marine x2  
  194  17:40  Marauder  
  198  17:56  Refinery  
  149  18:13  Marauder, Marine x4  
  149  18:14  Marauder x2, Marine x3  
  149  18:15  Marauder  
  108  18:24  Liberator x2  
  96  18:30  Marine  
  96  18:31  Marine x3  
  96  18:32  Marauder  
  96  18:33  Marauder x2  
  102  18:35  Marauder x2, Marine  
  102  18:36  Marauder  
  107  18:46  Liberator  
  113  18:48  Marine  
  113  18:49  SCV  
  113  18:53  Marauder, Missile Turret  
  117  18:57  Sensor Tower, Planetary Fortress  
  117  19:07  Liberator x2  
  119  19:18  Marine x2  
  119  19:19  Marauder, Marine  
  124  19:27  Marine  
  124  19:28  Marauder  
  133  19:32  Liberator  
  133  19:35  Marauder, Marine  
  133  19:38  Orbital Command  
  136  19:39  Terran Ship Weapons Level 1, Hi-Sec Auto Tracking, Building Armor  
  136  19:40  Marine  
  137  19:50  Liberator x2  
  140  19:53  Marine  
  140  19:54  Marauder  
  140  19:56  Marine x2  
  144  20:05  Marine x2  
  144  20:06  Marauder  
  152  20:18  Marauder, Marine  
  155  20:23  Marauder, Marine  
  158  20:32  Medivac  
  158  20:33  Marine x2  
  158  20:34  Marauder  
  164  20:36  Liberator  
  164  20:41  Marauder, Marine x4  
  164  20:42  Marauder  
  172  20:44  Liberator  
  172  20:50  Medivac  
  172  20:53  Marine x2  
  172  20:54  Marauder  
  183  21:14  Marine x2  
  183  21:15  Marauder  
  183  21:17  Marine x2  
  183  21:18  Marauder  
  185  21:19  Marauder x3  
  185  21:20  Medivac  
  190  21:27  Liberator  
  168  21:32  Liberator  
  168  21:34  Marine x3  
  168  21:35  Marauder, Marine x2, Medivac  
  168  21:39  Marine  
  133  21:40  Marauder  
  133  21:41  SCV  
  133  21:46  Marauder, Marine x2  
  141  21:52  Refinery x2  
  141  21:54  Marauder, Marine x2  
  148  22:04  Marine  
  148  22:05  Marauder, Marine  
  152  22:11  Marauder, Marine x2  
  152  22:23  Marine x3  
  152  22:24  Marauder x2  
  152  22:25  Marauder, Marine  
  152  22:26  Marine  
  152  22:29  Marauder, Marine  
  170  22:33  Marauder  
  172  22:41  Marine x2  
  174  22:45  Marauder  
  174  22:46  Marine x2, SCV  
  174  22:47  Marauder  
Tags
 
Add a new tag
Caveats
  • Supply blocks, unpowered buildings, or Contaminate may cause inaccurate times.
  • Supply counts are checked every 10 seconds.